 Dungeon Crawl Stone Soup version 0.30-a0-591-g3c58d2bc28 (webtiles) character file.

Game seed: 281218653922125927

101 Crownlay the Magician (level 4, -2/34 HPs)
             Began as a Gnoll Wanderer on Jan 5, 2023.
             Slain by a worm (7 damage)
             ... on level 1 of the Dungeon.
             The game lasted 00:02:47 (1744 turns).

Crownlay the Magician (Gnoll Wanderer)              Turns: 1744, Time: 00:02:48

Health: -2/34      AC: 14    Str: 10    XL:     4   Next: 75%
Magic:  11/11      EV:  4    Int: 12    God:
Gold:   66         SH:  0    Dex: 14    Spells: 9/13 levels left

rFire   . . .      SeeInvis .    a - +0 sling
rCold   . . .      Faith    .    (no shield)
rNeg    . . .      Spirit   .    n - +5 chain mail of the Land of Plenty {rElec Stlth+}
rPois   .          Reflect  .    (no helmet)
rElec   +          Harm     .    (no cloak)
rCorr   .          Rampage  .    (no gloves)
Will    .....                    (no boots) Stlth
                                 (no amulet)
HPRegen 0.25/turn                (no ring)
MPRegen 0.12/turn                (no ring)

@: no status effects
A: fangs 1, strong nose, distributed training
a: no special abilities


You were on level 1 of the Dungeon.
You visited 1 branch of the dungeon, and saw 2 of its levels.

You collected 66 gold pieces.

Inventory:

Hand Weapons
 a - a +0 sling (weapon)
 c - a +0 dagger
 m - a +0 mace
Missiles
 b - 13 poisoned darts (quivered)
Armour
 n - the +5 chain mail of the Land of Plenty (worn) {rElec Stlth+}
   (You took it off a hobgoblin on level 2 of the Dungeon)

   rElec:     It insulates you from electricity.
   Stlth:     It makes you more stealthy.
Scrolls
 d - 3 scrolls of fear
 f - a scroll of teleportation {unknown}
 g - a scroll of poison {unknown}
 l - 2 scrolls of amnesia {unknown}
Potions
 e - a potion of heal wounds {unknown}
 h - a potion of brilliance {unknown}
 i - a potion of haste {unknown}
 j - a potion of flight {unknown}
 k - a potion of mutation {unknown}


   Skills:
 + Level 2.8 Fighting
 + Level 1.2 Short Blades
 + Level 1.2 Long Blades
 + Level 1.2 Axes
 + Level 1.2 Maces & Flails
 + Level 1.2 Polearms
 + Level 1.2 Staves
 + Level 4.7 Ranged Weapons
 + Level 4.7 Throwing
 + Level 2.8 Armour
 + Level 1.2 Dodging
 + Level 1.2 Stealth
 + Level 1.2 Shields
 + Level 1.2 Unarmed Combat
 + Level 5.1 Spellcasting
 + Level 1.0 Conjurations
 + Level 3.9 Hexes
 + Level 1.0 Summonings
 + Level 1.0 Necromancy
 + Level 1.0 Translocations
 + Level 1.0 Transmutations
 + Level 1.0 Fire Magic
 + Level 1.0 Ice Magic
 + Level 1.0 Air Magic
 + Level 1.0 Earth Magic
 + Level 1.0 Poison Magic
 + Level 1.4 Invocations
 + Level 1.2 Evocations


You had 9 spell levels left.
You knew the following spells:

 Your Spells              Type           Power      Damage    Failure   Level
a - Slow                  Hex            48%        N/A       95%         1
b - Tukima's Dance        Hex            12%        N/A       100%        3

Your spell library contained the following spells:

 Spells                   Type           Power      Damage    Failure   Level
 Dazzling Flash           Conj/Hex       18%        N/A       100%        3
 Fulminant Prism          Conj/Hex       4%         3d5       100%        4
 Iskenderun's Mystic Bla  Conj/Tloc      5%         2d3       100%        4
 Olgreb's Toxic Radiance  Pois           5%         N/A       100%        4
 Starburst                Conj/Fire      2%         6d3       100%        6
 Ozocubu's Refrigeration  Ice            2%         4d8       100%        7
 Ignition                 Fire           2%         3d3       100%        8


Dungeon Overview and Level Annotations

Branches:
Dungeon (2/15)

Altars:

Shops:
D:1 :


Innate Abilities, Weirdness & Mutations

You have very sharp teeth.
Your uncanny sense of smell can sniff out nearby items.
Your experience applies equally to all skills.


Message History

You shoot a sling bullet.
The sling bullet completely misses the worm.
The worm barely misses you.
You shoot a sling bullet.
The sling bullet barely misses the worm.
The worm bites you but does no damage.
You shoot a sling bullet. The sling bullet hits the worm!
The worm is severely wounded.
The worm bites you but does no damage.
You shoot a sling bullet. The sling bullet hits the worm.
The worm is severely wounded.
The worm barely misses you.
You shoot a sling bullet.
The sling bullet barely misses the worm.
The worm bites you but does no damage.
You shoot a sling bullet.
The sling bullet barely misses the worm.
The worm bites you!
You shoot a sling bullet. The sling bullet hits the worm.
The worm is almost dead.
The worm bites you. The worm bites you but does no damage.
You are too injured to fight recklessly!
You are too injured to fight recklessly!
You are too injured to fight recklessly!
You are too injured to fight recklessly!
You are too injured to fight recklessly!
Fire: a) +0 sling
Press: ? - help, Shift-Dir - straight line, f/p - worm
Aim: a worm (severely wounded, 78% to hit)
You shoot a sling bullet. The sling bullet hits the worm.
The worm is almost dead.
The worm bites you!
* * * LOW HITPOINT WARNING * * *
Fire: a) +0 sling
Press: ? - help, Shift-Dir - straight line, f/p - worm
Aim: a worm (almost dead, 78% to hit)
You shoot a sling bullet.
The sling bullet barely misses the worm.
The worm bites you!
You die...

#...##.##.#.##.####.....## #.#
##)###.#..#.##.###......# #.#
#......................# #.#
#####.###############..####.#
######.#.............#....^..#
.......#.............#..######
####.#.# ............#..#
#.#.#######'#######..#
#.#.#.......w@....#)## #
#.#.+⌠....###....⌠'.# #
#...#......<......#.# #
###.#..⌠...>...⌠..#†# #
#.###+#######'###.# ########
#...............†.###.......
#####...#..###........######
##.###.# #..........#
#.###.####.#######.#


You could see a worm.

Vanquished Creatures
  A gnoll (D:1)
  2 adders (D:2)
  5 dart slugs
  A ball python (D:1)
  5 bats
  9 endoplasms
  4 giant cockroaches (D:1)
  3 goblins
  3 hobgoblins (D:2)
  5 jackals (D:1)
  A quokka (D:2)
  6 frilled lizards
  6 kobolds
  9 rats
60 creatures vanquished.

Notes
Turn   | Place    | Note
-------+----------+-------------------------------------------
     0 | D:1      | Crownlay the Gnoll Wanderer began the quest for the Orb.
     0 | D:1      | Crownlay set off with the following items: a +0 sling, 13
                  | poisoned darts, a +0 dagger, a scroll of fear, a +0 robe;
                  | and the following spell memorised: Slow; and the following
                  | spells available to memorise: Tukima's Dance, Fulminant
                  | Prism.
     0 | D:1      | Reached XP level 1. HP: 17/17 MP: 6/6
     1 | D:1      | Found a runed translucent door.
   116 | D:1      | Reached XP level 2. HP: 18/23 MP: 7/7
   161 | D:1      | Found a faded altar of an unknown god.
   255 | D:1      | Reached skill level 5 in Spellcasting
   255 | D:1      | Reached XP level 3. HP: 28/28 MP: 7/9
   414 | D:1      | Found Wulylaby's Book Shop.
   496 | D:1      | Reached skill level 1 in Invocations
   841 | D:2      | Learned a level 3 spell: Tukima's Dance
   853 | D:2      | Reached skill level 1 in Short Blades
   853 | D:2      | Reached skill level 1 in Long Blades
   853 | D:2      | Reached skill level 1 in Axes
   853 | D:2      | Reached skill level 1 in Maces & Flails
   853 | D:2      | Reached skill level 1 in Polearms
   853 | D:2      | Reached skill level 1 in Staves
   853 | D:2      | Reached skill level 1 in Dodging
   853 | D:2      | Reached skill level 1 in Stealth
   853 | D:2      | Reached skill level 1 in Shields
   853 | D:2      | Reached skill level 1 in Unarmed Combat
   853 | D:2      | Reached skill level 1 in Evocations
   903 | D:2      | Identified the +5 chain mail of the Land of Plenty {rElec
                  | Stlth+}
  1009 | D:2      | Reached XP level 4. HP: 34/34 MP: 11/11
  1602 | D:2      | Reached skill level 1 in Conjurations
  1602 | D:2      | Reached skill level 1 in Summonings
  1602 | D:2      | Reached skill level 1 in Necromancy
  1602 | D:2      | Reached skill level 1 in Translocations
  1602 | D:2      | Reached skill level 1 in Transmutations
  1602 | D:2      | Reached skill level 1 in Fire Magic
  1602 | D:2      | Reached skill level 1 in Ice Magic
  1602 | D:2      | Reached skill level 1 in Air Magic
  1602 | D:2      | Reached skill level 1 in Earth Magic
  1602 | D:2      | Reached skill level 1 in Poison Magic
  1744 | D:1      | Slain by a worm

Illustrated notes

Levels and vault maps discovered:
D:1:      dpeg_arrival_caged_fury, layout_loops_ring,
          ebering_ecumenical_altar_webs, serial_shops, nicolae_diamond_shop,
          nicolae_titane
D:2:      layout_basic, hangedman_abyss_or_decor_lesser_grid, fountainhead,
          kennysheep_decorative_pillar, minmay_circle_x

Skill      XL: |  1  2  3  4 |
---------------+-------------+-----
Spellcasting   | 5 |  5.1
Invocations    | 1 |  1.4
Short Blades   | 1 |  1.2
Long Blades    | 1 |  1.2
Axes           | 1 |  1.2
Maces & Flails | 1 |  1.2
Polearms       | 1 |  1.2
Staves         | 1 |  1.2
Dodging        | 1 |  1.2
Stealth        | 1 |  1.2
Shields        | 1 |  1.2
Unarmed Combat | 1 |  1.2
Evocations     | 1 |  1.2
Conjurations   | 1 |  1.0
Summonings     | 1 |  1.0
Necromancy     | 1 |  1.0
Translocations | 1 |  1.0
Transmutations | 1 |  1.0
Fire Magic     | 1 |  1.0
Ice Magic      | 1 |  1.0
Air Magic      | 1 |  1.0
Earth Magic    | 1 |  1.0
Poison Magic   | 1 |  1.0
Fighting       | |  2.8
Ranged Weapons | |  4.7
Throwing       | |  4.7
Armour         | |  2.8
Hexes          | |  3.9

Action                   |  1- 3 |  4- 6 || total
-------------------------+-------+-------++-------
 Fire: Sling             |   126 |    91 ||   217
Armor: Robe              |     9 |       ||     9
       Chain mail        |    15 |   107 ||   122
Dodge: Dodged            |    31 |    23 ||    54

Table legend: (Time is in decaauts)
 A = Elapsed time spent in this place.
 B = Non-inter-level travel time spent in this place.
 C = Inter-level travel time spent in this place.
 D = Time resting spent in this place.
 E = Time spent auto-exploring this place.
 F = Levels seen in this place.
 G = Mean time per level.
                   A        B        C        D        E       F      G
               +--------+--------+--------+--------+--------+-----+--------+
         Total |   1848 |   1809 |     39 |     36 |   1326 |   2 |  924.0 |
       Dungeon |   1848 |   1809 |     39 |     36 |   1326 |   2 |  924.0 |
               +--------+--------+--------+--------+--------+-----+--------+

Top non-repeatable levels by time:
     D:1: 991 daAuts
     D:2: 857 daAuts
